General information
- name: BNet
- type: Ladder team game (AT/RT)
- host: Battle.net
- saver: ChristmasGrinch
map: TwilightRuins
- players: 8
- length: 17:39
- speed: Fast
- version: 1.27 W3XP
- replay type: Public
» download(102 KB)
Players
team 1 (winner)
ChristmasGrinch (
red | 46 APM | 813 actions | 17:39)
1 Blademaster
1 Wind Walk
» actions
| Assign group hotkey | 48 | |
| Basic commands | 57 | |
| Build / train | 12 | |
| Enter build submenu | 3 | |
| Enter hero's abilities submenu | 1 | |
| Give item / drop item | 4 | |
| Right click | 526 | |
| Select / deselect | 69 | |
| Select group hotkey | 36 | |
| Use ability | 57 | |
813 total
» buildings
| Altar of Storms | 1 | |
| Voodoo Lounge | 1 | |
2 total
» build order
01:24 Altar of Storms
02:30 Voodoo Lounge
» items
| Boots of Speed | 1 | |
| Periapt of Vitality | 1 | |
| Staff of Teleportation | 1 | |
| Circlet of Nobility | 1 | |
| Healing Salve | 2 | |
| Lesser Clarity Potion | 1 | |
| Gloves of Haste | 1 | |
| Scroll of Healing | 1 | |
| Replenishment Potion | 1 | |
10 total
Solobmw (
yellow | 26 APM | 461 actions | 17:38)
2 Mountain King
1 Storm Bolt
1 Bash
» actions
| Basic commands | 37 | |
| Build / train | 41 | |
| Enter build submenu | 20 | |
| Enter hero's abilities submenu | 2 | |
| Right click | 129 | |
| Select / deselect | 173 | |
| Use ability | 59 | |
461 total
» units
| Peasant | 9 | |
| Footman | 4 | |
| Rifleman | 10 | |
| Wisp | 1 | |
24 total
» upgrades
| Gunpowder | 2 | |
| Armor | 1 | |
| Long Rifles | 1 | |
| Masonry | 1 | |
5 total
» buildings
| Altar of Kings | 1 | |
| Farm | 8 | |
| Barracks | 1 | |
| Scout Tower | 8 | |
| Blacksmith | 1 | |
| Arcane Tower | 2 | |
| Lumber Mill | 1 | |
| Keep | 1 | |
| Guard Tower | 5 | |
| Castle | 1 | |
29 total
» build order
00:05 Altar of Kings
00:07 Farm
00:27 Barracks
00:46 Farm
01:38 Farm
01:44 Scout Tower
02:31 Blacksmith
03:08 Arcane Tower
03:16 Farm
03:21 Farm
04:41 Lumber Mill
05:27 Keep
05:49 Farm
06:13 Scout Tower
06:18 Scout Tower
07:04 Arcane Tower
07:08 Guard Tower
07:12 Farm
07:55 Farm
09:32 Scout Tower
09:34 Scout Tower
09:38 Scout Tower
09:39 Scout Tower
10:01 Guard Tower
10:07 Guard Tower
10:32 Guard Tower
10:37 Scout Tower
10:58 Guard Tower
12:55 Castle

»
Dblbarrelz (
pink | 27 APM | 280 actions | 10:30)
2 Priestess of the Moon
1 Searing Arrows
1 Trueshot Aura
1 Pit Lord
1 Cleaving Attack
» actions
| Assign group hotkey | 7 | |
| Basic commands | 44 | |
| Build / train | 23 | |
| Enter build submenu | 9 | |
| Enter hero's abilities submenu | 3 | |
| Remove unit from queue | 1 | |
| Right click | 75 | |
| Select / deselect | 69 | |
| Select group hotkey | 37 | |
| Use ability | 12 | |
280 total
» units
» buildings
| Moon Well | 3 | |
| Altar of Elders | 1 | |
| Ancient of Wonders | 1 | |
| Tree of Ages | 1 | |
| Hunter's Hall | 1 | |
| Tree of Life | 1 | |
| Ancient of Lore | 2 | |
| Tree of Eternity | 1 | |
11 total
» build order
00:12 Moon Well
00:25 Altar of Elders
01:12 Ancient of Wonders
02:48 Tree of Ages
02:53 Hunter's Hall
03:00 Moon Well
04:54 Moon Well
05:02 Tree of Life
05:25 Ancient of Lore
05:29 Ancient of Lore
08:57 Tree of Eternity
» items
| Dust of Appearance | 1 | |
| Circlet of Nobility | 1 | |
| Periapt of Vitality | 1 | |
3 total
texas (
teal | 32 APM | 327 actions | 10:14)
2 Keeper of the Grove
1 Entangling Roots
1 Force of Nature
» actions
| Basic commands | 14 | |
| Build / train | 33 | |
| Enter build submenu | 14 | |
| Enter hero's abilities submenu | 2 | |
| Remove unit from queue | 3 | |
| Right click | 94 | |
| Select / deselect | 142 | |
| Use ability | 25 | |
327 total
» units
» buildings
| Moon Well | 3 | |
| Altar of Elders | 1 | |
| Ancient of War | 1 | |
| Hunter's Hall | 1 | |
| Tree of Ages | 1 | |
| Ancient Protector | 4 | |
| Tree of Life | 1 | |
| Tree of Eternity | 1 | |
13 total
» build order
00:29 Moon Well
00:31 Altar of Elders
00:35 Ancient of War
02:25 Moon Well
02:35 Hunter's Hall
05:23 Moon Well
05:34 Tree of Ages
05:38 Ancient Protector
05:42 Ancient Protector
05:48 Ancient Protector
06:07 Ancient Protector
07:37 Tree of Life
09:44 Tree of Eternity
team 2 (loser)

»
WhoNeedsUSA (
purple | 39 APM | 577 actions | 14:44)
4 Lich
2 Frost Nova
2 Dark Ritual
» actions
| Assign group hotkey | 19 | |
| Basic commands | 1 | |
| Build / train | 47 | |
| Enter build submenu | 14 | |
| Enter hero's abilities submenu | 4 | |
| Give item / drop item | 2 | |
| Remove unit from queue | 1 | |
| Right click | 236 | |
| Select / deselect | 142 | |
| Select group hotkey | 73 | |
| Use ability | 38 | |
577 total
» units
| Acolyte | 8 | |
| Ghoul | 9 | |
| Crypt Fiend | 4 | |
21 total
» upgrades
| Creature Attack | 1 | |
| Unholy Strength | 2 | |
| Unholy Armor | 1 | |
| Creature Carapace | 1 | |
| Cannibalize | 1 | |
| Web | 1 | |
7 total
» buildings
| Altar of Darkness | 1 | |
| Crypt | 2 | |
| Tomb of Relics | 1 | |
| Ziggurat | 7 | |
| Graveyard | 1 | |
| Nerubian Tower | 1 | |
| Spirit Tower | 2 | |
| Halls of the Dead | 1 | |
16 total
» build order
00:41 Altar of Darkness
00:45 Crypt
00:48 Crypt
00:56 Tomb of Relics
01:14 Ziggurat
02:03 Ziggurat
02:27 Graveyard
02:42 Ziggurat
02:58 Nerubian Tower
04:49 Ziggurat
05:07 Ziggurat
05:20 Ziggurat
05:54 Ziggurat
06:24 Spirit Tower
06:52 Spirit Tower
08:22 Halls of the Dead
» items
| Rod of Necromancy | 2 | |
| Sacrificial Skull | 1 | |
| Slippers of Agility +3 | 2 | |
| Mantle of Intelligence +3 | 1 | |
| Claws of Attack +6 | 1 | |
| Ring of Protection +2 | 1 | |
| Scroll of Town Portal | 1 | |
9 total
toseph (
blue | 100 APM | 1756 actions | 17:38)
4 Blademaster
2 Wind Walk
2 Critical Strike
3 Shadow Hunter
2 Healing Wave
1 Hex
» actions
| Assign group hotkey | 22 | |
| Basic commands | 57 | |
| Build / train | 49 | |
| Enter build submenu | 18 | |
| Enter hero's abilities submenu | 7 | |
| Remove unit from queue | 1 | |
| Right click | 596 | |
| Select / deselect | 267 | |
| Select group hotkey | 667 | |
| Use ability | 72 | |
1756 total
» units
| Peon | 7 | |
| Grunt | 7 | |
| Raider | 6 | |
| Tauren | 3 | |
23 total
» upgrades
| Melee Weapons | 2 | |
| Berserker Strength | 1 | |
| Ensnare | 1 | |
| Pillage | 1 | |
| Armor | 2 | |
| Pulverize | 1 | |
8 total
» buildings
| Altar of Storms | 1 | |
| Orc Burrow | 7 | |
| Barracks | 1 | |
| Voodoo Lounge | 1 | |
| Stronghold | 5 | |
| War Mill | 2 | |
| Beastiary | 1 | |
| Fortress | 1 | |
| Tauren Totem | 1 | |
20 total
» build order
00:08 Altar of Storms
00:12 Orc Burrow
00:34 Barracks
01:53 Orc Burrow
02:24 Voodoo Lounge
03:01 Stronghold
03:01 Stronghold
03:01 Stronghold
03:23 War Mill
03:27 War Mill
04:00 Orc Burrow
06:09 Beastiary
07:00 Fortress
07:57 Orc Burrow
07:59 Orc Burrow
09:49 Tauren Totem
11:35 Orc Burrow
11:35 Orc Burrow
» items

»
hiddenconcept (
green | 74 APM | 1302 actions | 17:38)
5 Tauren Chieftain
3 Endurance Aura
2 War Stomp
1 Blademaster
1 Critical Strike
» actions
| Assign group hotkey | 277 | |
| Basic commands | 87 | |
| Build / train | 48 | |
| Enter build submenu | 18 | |
| Enter hero's abilities submenu | 6 | |
| Give item / drop item | 1 | |
| Right click | 405 | |
| Select / deselect | 168 | |
| Select group hotkey | 263 | |
| Use ability | 29 | |
1302 total
» units
| Peon | 8 | |
| Grunt | 9 | |
| Shaman | 6 | |
| Tauren | 2 | |
| Demolisher | 1 | |
26 total
» upgrades
| Armor | 2 | |
| Melee Weapons | 3 | |
| Spiked Barricades | 1 | |
| Shaman Training | 2 | |
| Pillage | 1 | |
9 total
» buildings
| Altar of Storms | 1 | |
| Orc Burrow | 8 | |
| Barracks | 1 | |
| War Mill | 1 | |
| Voodoo Lounge | 1 | |
| Stronghold | 1 | |
| Fortress | 1 | |
| Spirit Lodge | 2 | |
| Tauren Totem | 2 | |
| Beastiary | 1 | |
19 total
» build order
00:16 Altar of Storms
00:22 Orc Burrow
01:07 Barracks
01:43 War Mill
01:57 Orc Burrow
02:52 Voodoo Lounge
03:58 Stronghold
04:58 Orc Burrow
05:54 Orc Burrow
06:22 Fortress
06:50 Spirit Lodge
07:51 Orc Burrow
09:05 Tauren Totem
09:53 Tauren Totem
12:10 Orc Burrow
12:50 Orc Burrow
13:27 Spirit Lodge
13:30 Orc Burrow
15:59 Beastiary
» items
DAK- (
orange | 39 APM | 688 actions | 17:38)
5 Blood Mage
2 Banish
3 Flame Strike
» actions
| Assign group hotkey | 52 | |
| Basic commands | 7 | |
| Build / train | 50 | |
| Enter build submenu | 16 | |
| Enter hero's abilities submenu | 5 | |
| Remove unit from queue | 1 | |
| Right click | 370 | |
| Select / deselect | 142 | |
| Select group hotkey | 10 | |
| Use ability | 35 | |
688 total
» units
» upgrades
| Plating | 3 | |
| Swords | 3 | |
| Lumber Harvesting | 2 | |
| Defend | 1 | |
9 total
» buildings
| Barracks | 3 | |
| Altar of Kings | 1 | |
| Farm | 8 | |
| Blacksmith | 1 | |
| Keep | 1 | |
| Lumber Mill | 1 | |
| Castle | 1 | |
| Workshop | 1 | |
17 total
» build order
00:06 Barracks
00:18 Altar of Kings
00:26 Farm
01:31 Farm
02:12 Farm
02:50 Farm
03:04 Farm
03:37 Farm
04:15 Farm
04:18 Farm
04:59 Blacksmith
05:18 Keep
08:52 Lumber Mill
10:53 Castle
13:46 Barracks
13:50 Barracks
17:19 Workshop
» items
| Gauntlets of Ogre Strength +3 | 1 | |
1 total
Chat log
(00:13 / Allies) Solobmw: rifles
(00:44 / Allies) Dblbarrelz: christmas douche
(00:52 / Allies) texas: wow
(00:57 / All) hiddenconcept: pizzagate is real
(01:14 / Allies) texas: im gonna kill him ant take his mine
(01:18 / Allies) Solobmw: k
(01:19 / All) ChristmasGrinch: biden is a proven pedo
(01:25 / All) hiddenconcept: of course
(04:08 / Allies) texas: fuck u red
(04:10 / Allies) texas: fuckin gtk
(04:28 / All) texas: Fuckin god damn tks
(04:41 / All) hiddenconcept: god damn windows 98
(04:42 / Allies) ChristmasGrinch: you threatened me, boy
(04:43 / All) hiddenconcept: get bill gates in here
(06:18 / All) ChristmasGrinch: top outside base
(06:23 / All) ChristmasGrinch: they're trying to expand it
(07:00 / All) ChristmasGrinch: top outside
(07:03 / All) ChristmasGrinch: they're trying to expand it
(07:28 / Allies) Dblbarrelz: can u be more pathetic?
(07:36 / Allies) ChristmasGrinch: yes
(07:38 / Allies) ChristmasGrinch: I could be you
(07:52 / Allies) Dblbarrelz: means alot coming from u
(08:09 / All) ChristmasGrinch: top outsdie base
(08:49 / Allies) texas: fuck u
(09:03 / All) ChristmasGrinch: why would you attack me you retard
(09:51 / Allies) texas: wood me plz
(10:02 / All) texas: fuckin gay ass game
(10:05 / All) texas: fuck u red
(10:16 / All) ChristmasGrinch: don't write a check your ass can't acash
(10:22 / Allies) Dblbarrelz: douche
(11:07 / All) Solobmw: before you kill me kill reds hero
(11:14 / All) ChristmasGrinch: :D
(11:15 / All) Solobmw: he's at center
(11:16 / All) ChristmasGrinch: YOU CAN TRY
(11:38 / All) ChristmasGrinch: Kajind doesn't go down easily
(12:01 / All) Solobmw: north west
(12:04 / All) Solobmw: shop
(12:20 / All) WhoNeedsUSA: whats is best exercice for shoulders?
(12:26 / All) Solobmw: killing red
(12:29 / All) toseph: hmm
(12:32 / All) toseph: shoulder press
(12:34 / All) toseph: is good
(12:41 / All) WhoNeedsUSA: ty
(14:02 / All) ChristmasGrinch: lol
(14:17 / All) Solobmw: fu red
(14:21 / All) ChristmasGrinch: lol
(14:40 / All) ChristmasGrinch: nicely down yellow
(14:41 / All) ChristmasGrinch: lol
(14:53 / All) Solobmw: your a good troll lol
(15:29 / All) ChristmasGrinch: SHEEEIST
(15:46 / All) Solobmw: left
(15:49 / All) Solobmw: go left blue
(15:50 / All) ChristmasGrinch: lol
(15:59 / All) ChristmasGrinch: kill the tree not me!
(16:05 / All) Solobmw: no kill him
(16:46 / All) ChristmasGrinch: tree to the right of orange
(16:57 / All) ChristmasGrinch: expo
(17:01 / All) ChristmasGrinch: clearing trees
(17:09 / All) Solobmw: lol
(17:13 / All) hiddenconcept: thx grinch
(17:15 / All) ChristmasGrinch: np
(17:33 / All) ChristmasGrinch: Merry christmas
(17:34 / All) ChristmasGrinch: :D
(17:37 / All) ChristmasGrinch: ;-)